 Dungeon Crawl Stone Soup version 0.30.0-20-g3615ddf2f0 (webtiles) character file.

Game seed: 847136387974316190

189 qw the Chopper (level 5, -1/32 HPs)
             Began as a Gargoyle Fighter on May 31, 2023.
             Slain by Ijyb
             ... wielding a +0 club
              (4 damage)
             ... on level 4 of the Dungeon.
             The game lasted 00:01:35 (2481 turns).

qw the Chopper (Gargoyle Fighter)                   Turns: 2481, Time: 00:01:35

Health: -1/32      AC: 14    Str: 22    XL:     5   Next: 68%
Magic:  5/5        EV:  9    Int:  8    God:
Gold:   151        SH:  4    Dex:  9    Spells: 4/4 levels left

rFire   . . .        Y - +0 war axe
rCold   . . .        c - +0 buckler
rNeg    + . .        b - +0 scale mail
rPois   inf          (no helmet)
rElec   +            (no cloak)
rCorr   .            (no gloves)
SInv    .            (no boots)
Will    .....        (no amulet) Stlth
                     h - +4 ring of protection
HPRegen 0.25/turn    (no ring)
MPRegen 0.09/turn

%: no passive effects
@: no status effects
A: sickness immunity, AC +4, negative energy resistance 1, electricity
resistance, torment resistance 1, petrification resistance
a: no special abilities


You were on level 4 of the Dungeon.
You visited 1 branch of the dungeon, and saw 4 of its levels.

You collected 151 gold pieces.


Innate Abilities, Weirdness & Mutations

You are immune to sickness and miasma.
Your stone body is resilient. (AC +4)
You are immune to poison.
You resist negative energy. (rN+)
You are resistant to electric shocks. (rElec)
You are resistant to unholy torment.
You are immune to petrification.


   Skills:
 + Level 3.5 Fighting
 - Level 5.1 Axes
 - Level 3.2 Armour
 - Level 3.2 Shields


You had 4 spell levels left.
You didn't know any spells.
Your spell library was empty.

Inventory:

Hand Weapons
 f - a +2 flail of protection
 Y - a +0 war axe (weapon)
Missiles
 m - 6 boomerangs (quivered)
Armour
 b - a +0 scale mail (worn)
 c - a +0 buckler (worn)
 e - a +0 pair of gloves
Jewellery
 h - a +4 ring of protection (left hand)
Scrolls
 n - 3 scrolls of enchant armour
Potions
 a - a potion of haste {unknown}
 d - a potion of might
 g - a potion of attraction {unknown}
 i - a potion of experience {unknown}
 j - a potion of lignification {unknown}
 k - a potion of heal wounds {unknown}
 o - a potion of mutation {unknown}
 p - a potion of ambrosia {unknown}

Dungeon Overview and Level Annotations

Branches:
Dungeon (4/15)
 Temple: D:4-7

Altars:
Makhleb
Qazlal

Shops:
D:2 :   D:4 :

Annotations:
D:4 Ijyb


Message History

Robin throws the goblin at you!
Ijyb zaps a wand.
The puff of flame hits you! The goblin closely misses you.
Robin roars a battlecry!
The goblins go into a battle-frenzy!
The goblin hits you but does no damage.
You closely miss Ijyb.
Ijyb is lightly wounded.
You closely miss Robin. You hit the goblin.
You kill the goblin!
You hit the goblin. The goblin closely misses you. Ijyb misses you.
Robin throws the goblin at you!
You closely miss the goblin.
The goblin is severely wounded.
You hit Ijyb but do no damage. You miss the goblin. You barely miss Robin.
You block the goblin's attack.
Ijyb screams, "No!
No, no, no, no!"
Ijyb hits you with a +0 club. The goblin hits you with a +0 club.
Robin barely misses you.
You slash the goblin!
You kill the goblin!
You completely miss Robin. You hit Ijyb. You slash the goblin!
You kill the goblin!
Robin barely misses you. Ijyb hits you with a +0 club.
Ijyb zaps a wand.
The puff of flame hits you. Robin hits you with a +0 dagger.
You closely miss Ijyb.
Ijyb is moderately wounded.
You slash Robin!
Robin roars a battlecry!
The goblin goes into a battle-frenzy!
Ijyb hits you but does no damage.
You barely miss Robin.
Robin is heavily wounded.
You completely miss Ijyb. Robin completely misses you.
Ijyb hits you but does no damage.
You slash Robin!
You kill Robin!
You closely miss the goblin. You hit Ijyb. The goblin barely misses you.
Ijyb hits you with a +0 club. The goblin hits you but does no damage.
Ijyb hits you with a +0 club.
You die...

......##..#
..#.####..# ..
###.####..####...
#.............#
#######.#####.#
#.#####.#
#....##.#######.
#.##.##)#.......
#.##.##g@)...#
#......)#g##.#
##.....)#...
#............
#......##......
##...#.# ......
#####). ......
##.#...... .#


You could see Ijyb (strong) and a goblin (strong).

Vanquished Creatures
  A howler monkey (D:4)
  Terence (D:3)
  Robin (D:4)
  2 adders (D:3)
  3 worms (D:2)
  A dart slug (D:3)
  8 ball pythons
  6 endoplasms
  4 giant cockroaches
  11 goblins
  10 hobgoblins
  4 jackals (D:1)
  4 quokkas
  A bat (D:2)
  2 frilled lizards
  12 kobolds
  26 rats
97 creatures vanquished.

Notes
Turn   | Place    | Note
-------+----------+-------------------------------------------
     0 | D:1      | qw the Gargoyle Fighter began the quest for the Orb.
     0 | D:1      | Reached XP level 1. HP: 14/14 MP: 1/1
     0 | D:1      | 0 ||| qw: Version: 0.2-a-102-gfc559e5
     0 | D:1      | 0 ||| qw: Game counter: 580
     0 | D:1      | 0 ||| qw: Always use a shield: true
     0 | D:1      | 0 ||| qw: God list: Okawaru
     0 | D:1      | 0 ||| qw: Allow faded altars: false
     0 | D:1      | 0 ||| qw: Do Orc after D:15 true
     0 | D:1      | 0 ||| qw: Do second Lair branch before Depths: true
     0 | D:1      | 0 ||| qw: Lair rune preference: random
     0 | D:1      | 0 ||| qw: Plans: Normal, Zot:1-4, Slime:5, God:TSO, Crypt,
                  | Tomb, Pan, Hells, Abyss, Win
     0 | D:1      | 0 ||| PLANNING D:1-11
    67 | D:1      | Reached skill level 2 in Axes
    89 | D:1      | Reached XP level 2. HP: 19/19 MP: 2/2
    91 | D:1      | 91 ||| Stepping ~*~*~tactically~*~*~ (stealth).
   129 | D:1      | 129 ||| Stepping ~*~*~tactically~*~*~ (hiding).
   202 | D:1      | Reached skill level 3 in Axes
   206 | D:1      | Reached XP level 3. HP: 19/23 MP: 3/3
   433 | D:1      | 433 ||| DROPPING +0 club.
   526 | D:1      | 526 ||| READING scroll labelled SOL YCRYPSUE.
   527 | D:1      | 527 ||| READING scroll labelled RIM LIBRYD.
   528 | D:1      | 528 ||| DRINKING 2 golden potions.
   529 | D:1      | 529 ||| DROPPING potion of brilliance.
   646 | D:2      | 646 ||| Stepping ~*~*~tactically~*~*~ (stealth).
   648 | D:2      | 648 ||| Stepping ~*~*~tactically~*~*~ (stealth).
   649 | D:2      | 649 ||| Stepping ~*~*~tactically~*~*~ (stealth).
   664 | D:2      | 664 ||| Stepping ~*~*~tactically~*~*~ (hiding).
   930 | D:2      | Reached XP level 4. HP: 26/28 MP: 4/4
  1001 | D:2      | Reached skill level 4 in Axes
  1322 | D:2      | Found Seghav's Book Shop.
  1668 | D:2      | 1668 ||| UPGRADING to +4 ring of protection.
  1669 | D:2      | 1669 ||| DROPPING ring of flight.
  1670 | D:2      | 1670 ||| READING 2 scrolls labelled OSICEO VOXT.
  1688 | D:2      | 1688 ||| READING scroll labelled ZOIJOEROJU.
  1689 | D:2      | 1689 ||| READING scroll labelled BIAPSYJERA.
  1690 | D:2      | 1690 ||| DROPPING scroll of torment.
  1796 | D:3      | Found a burning altar of Makhleb.
  1834 | D:3      | Found a stormy altar of Qazlal.
  1852 | D:3      | Noticed Terence
  1861 | D:3      | Killed Terence
  1864 | D:3      | 1864 ||| DROPPING +0 whip.
  1928 | D:3      | Reached XP level 5. HP: 32/32 MP: 5/5
  2204 | D:3      | 2204 ||| READING scroll labelled ZYOCAH JENIPS.
  2205 | D:3      | 2205 ||| READING scroll labelled GOMMUI KIEGE.
  2206 | D:3      | 2206 ||| READING scroll labelled XOOCYU QODDUQ.
  2210 | D:3      | 2210 ||| READING scroll labelled VOATUFRAWEIMA.
  2243 | D:4      | 2243 ||| Stepping ~*~*~tactically~*~*~ (hiding).
  2282 | D:4      | Found Tatax's Book Boutique.
  2335 | D:4      | Reached skill level 5 in Axes
  2464 | D:4      | Noticed Ijyb
  2465 | D:4      | Noticed Robin
  2466 | D:4      | 2466 ||| Stepping ~*~*~tactically~*~*~ (hiding).
  2478 | D:4      | HP: 6/32 [Ijyb/puff of flame (3)]
  2481 | D:4      | Killed Robin
  2481 | D:4      | Slain by Ijyb

Levels and vault maps discovered:
D:1:      minmay_arrival_hallway, layout_rooms
D:2:      layout_basic, serial_shops, nicolae_shop_tiny_glass,
          reono_crystal_passage, minmay_rat_hole
D:3:      layout_rooms, lemuel_crystal_altar, nicolae_qazlal_eye_of_the_storm,
          uniq_terence
D:4:      layout_loops_cross, serial_shops, shop, nicolae_goblin_pals

Skill      XL: |  1  2  3  4  5 |
---------------+----------------+-----
Axes           | 2 3 4 5 |  5.1
Fighting       | |  3.5
Armour         | |  3.2
Shields        | |  3.2

Action                     |  1- 3 |  4- 6 || total
---------------------------+-------+-------++-------
  Melee: War axe           |   122 |   112 ||   234
  Throw: Boomerang         |       |    28 ||    28
    Use: Scroll            |     2 |     7 ||     9
         Potion            |     1 |       ||     1
 Armour: Scale mail        |    48 |    55 ||   103
  Dodge: Dodged            |    58 |    49 ||   107
  Block: Buckler           |    21 |    17 ||    38

Table legend:
 A = Non-vault XP
 B = Vault XP
 C = Vault XP percentage of total XP
 D = Non-vault monster count
 E = Vault monster count
 F = Vault count percentage of total count
                 A         B        C        D         E       F
            +---------+---------+-------+---------+---------+-------
      Total |     205 |      84 |  29.1 |      71 |      26 |  26.8
            +---------+---------+-------+---------+---------+-------
        D:1 |      51 |       0 |   0.0 |      30 |       0 |   0.0
        D:2 |      40 |      20 |  33.3 |      19 |      19 |  50.0
        D:3 |      43 |      36 |  45.6 |      12 |       1 |   7.7
        D:4 |      71 |      28 |  28.3 |      10 |       6 |  37.5
            +---------+---------+-------+---------+---------+-------
